 Dungeon Crawl Stone Soup version 0.31-a0-1522-g43313d8a59 (webtiles) character file.

Game seed: 12070026690428699412

18456 mopl the Grappler (level 12, -11/88 HPs)
             Began as a Djinni Shapeshifter on Dec 30, 2023.
             Was a Believer of Uskayaw.
             Killed from afar by Frances (45 damage)
             ... with an iron shot
             ... on level 12 of the Dungeon.
             The game lasted 00:17:57 (11232 turns).

mopl the Grappler (Djinni Shapeshifter)            Turns: 11232, Time: 00:17:58

Health: -11/88     AC:  5    Str: 17    XL:     12   Next: 95%
Gold:   764        EV: 17    Int: 12    God:    Uskayaw [**....] SH:  0 Dex: 24

rFire   + +          +
                       - Unarmed
rCold   . . .        l - melded +0 kite shield
rNeg    . . .        i - melded +0 scale mail
rPois   ∞            F - +2 helmet
rElec   .            t - scarf {rC+ rF+}
rCorr   .            P - +1 pair of gloves of Bedevilment {rPois Regen+}
SInv    +            (boots unavailable)
Will    +....        (no amulet)
Stlth   +            u - +6 ring of dexterity
HPRegen 1.14/turn    x - ring "Atzosm" {Dex+4 SInv}
MPRegen 0.00/turn

%: infuse magic (-12 HP)
@: flux-form, spiked, flying, glowing
A: glow, contaminating, flying, sickness immunity, fire resistance 2, cold
vulnerability 1, float, innate caster, HP casting, extra vitality 1
a: Begin Untransformation, Renounce Religion, Stomp, Line Pass


You were on level 12 of the Dungeon.
You worshipped Uskayaw.
Uskayaw was noncommittal.
You were something dangerously unstable.
You visited 2 branches of the dungeon, and saw 13 of its levels.

You collected 992 gold pieces.
You spent 228 gold pieces at shops.

Inventory:

Hand Weapons
 D - a +4 vampiric trident
Missiles
 r - 10 poisoned darts
 J - 2 throwing nets
 L - 5 boomerangs
 Q - a curare-tipped dart
Armour
 h - +0 swamp dragon scales
 i - a +0 scale mail (melded)
 l - a +0 kite shield (melded)
 t - a scarf of resistance (worn)
 F - a +2 helmet (worn)
 P - the +1 pair of gloves of Bedevilment (worn) {rPois Regen+}
   (You bought it in a shop on level 9 of the Dungeon)

   rPois:     It protects you from poison Regen+: It increases your rate of
   health regeneration.
 T - a +1 robe of cold resistance
 W - a +0 troll leather armour
Jewellery
 u - a +6 ring of dexterity (left hand)
 x - the ring "Atzosm" (right hand) {Dex+4 SInv}
   (You found it on level 4 of the Dungeon)

   [ring of see invisible]

   Dex+4:     It affects your dexterity (+4).
   SInv:      It lets you see invisible.
 A - a +6 ring of strength
Talismans
 c - a beast talisman
 d - a flux talisman (active)
 U - a blade talisman
Wands
 y - a wand of polymorph (27)
 z - a wand of mindburst (30)
 G - a wand of flame (16)
 O - a wand of paralysis (4)
 V - a wand of iceblast (3)
Scrolls
 a - 6 scrolls of enchant armour {unknown}
 g - a scroll of fog {unknown}
 m - 4 scrolls of revelation {unknown}
 n - 3 scrolls of blinking {unknown}
 o - 2 scrolls of brand weapon {unknown}
 p - 2 scrolls of poison {unknown}
 q - 2 scrolls of noise {unknown}
 s - 7 scrolls of teleportation
 w - a scroll of vulnerability {unknown}
 B - a scroll of silence {unknown}
 E - 3 scrolls of immolation {unknown}
 H - 4 scrolls of enchant weapon {unknown}
 I - a scroll of amnesia {unknown}
 M - a scroll of butterflies {unknown}
 S - a scroll of fear
Potions
 b - 2 potions of lignification {!q}
 e - 4 potions of heal wounds
 f - 5 potions of curing {unknown}
 k - a potion of cancellation
 v - a potion of brilliance
 C - 2 potions of haste
 K - a potion of enlightenment
 N - a potion of attraction
 R - a potion of mutation {!q}
Miscellaneous
 j - a condenser vane


   Skills:
 + Level 8.4 Fighting
 + Level 2.6 Dodging
 * Level 12.2 Unarmed Combat
 + Level 6.1 Invocations
 + Level 5.3 Evocations
 * Level 10.4 Shapeshifting


You knew the following spells:

 Your Spells              Type           Power      Damage    Failure   Level
a - Necrotise             Necr           0%         1d4       32%         1
b - Mercury Vapours       Alch/Air       0%         N/A       45%         2
c - Searing Ray           Conj           0%         2d4       45%         2
d - Dispel Undead         Necr           0%         3d6       97%         4
e - Flame Wave            Conj/Fire      0%         2d4       97%         4
Your spell library was empty.

Dungeon Overview and Level Annotations

Branches:
Dungeon (12/15)            Temple (1/1) D:7            Lair (0/5) D:9
    Orc (0/2) D:12

Altars:
Ashenzari
Cheibriados
Dithmenos
Elyvilon
Fedhas
Gozag
Hepliaklqana
Makhleb
Nemelex Xobeh
Okawaru
Qazlal
Ru
Trog
Uskayaw
Wu Jian
Xom
Yredelemnul
Zin
The Shining One
Lugonu

Shops:
D:9 [

Annotations:
D:12 Frances


Innate Abilities, Weirdness & Mutations

You are something dangerously unstable.
You glow with magical radiation, making you easy to see and hit.
Foes you strike become dangerously contaminated with magical radiation.
You are flying.
You are incapable of wielding weapons or throwing items.
You are immune to sickness and miasma.
You are immune to poison.
Your flesh is very heat resistant. (rF++)
You are vulnerable to cold. (rC-)
You float through the air rather than walking.
You learn spells naturally, not from books.
Your magical power is your life essence.
You have superior vitality. (+4 MHP)


Message History

a +0 club; a +0 leather armour; an orc corpse Frances chants phrases taken from a devil's mouth.
There is a stone staircase leading up here.
There is a stone staircase leading up here.
Frances says, "I have seen worlds and universes beyond all imagining."
You hit Frances.
Frances begins to glow.
Frances is lightly wounded.
Frances hits you with a +0 hand axe.
You barely miss Frances.
Frances is lightly wounded.
You punch Frances!
Frances glows dangerously bright.
Frances is lightly wounded.
Frances screams a word of power!
You barely miss Frances.
Frances is lightly wounded.
Frances barely misses you.
You hit Frances but do no damage.
Frances shudders as magic cascades through her!!
Frances twists and deforms.
Frances is moderately wounded.
The red devil hits you with a +0 trident.
Barbed spikes become lodged in your body.
Frances hits you with a +0 hand axe!
You hit Frances.
Frances begins to glow.
Frances is moderately wounded.
The red devil hits you with a +0 trident!
Barbed spikes become lodged in your body.
You can now pass through a line of other dancers.
Unknown command.
You completely miss Frances.
Frances is moderately wounded.
Frances screams a word of power!
The iron shot hits you!! The red devil barely misses you.
Unknown command.
You hit Frances.
Frances glows dangerously bright.
Frances is heavily wounded.
Frances whispers indecipherable words.
The iron shot hits you!!!
Ouch! That really hurt!
You die...

#..# #..................### #..#
#..................# #..#
#..................# #..#
#.#######.........÷#
#..########)# #...#####..#
#...........# #...# #..###
#...........# #...# #.....
#...........#######...##########
#.............4p@o......#......)
#...........########....#..#!...
#...........# #.####).#!)..
#...........# #.#))@)......
#..#######..# #.#.##)...... #..#
#..########.@..#..@..!. #..#
#...>........o.#....... #..#
#..............########
#..#######..####..#######


You could see Frances (heavy contam, misshapen), a red devil (summoned) and an
orc.

Vanquished Creatures
  Erolcha (D:9)
  A boulder beetle (D:12)
  3 two-headed ogres
  Nergalle (D:12)
  Pikel (D:9)
  3 ugly things
  A manticore (D:11)
  Joseph (D:7)
  Maggie (D:9)
  2 gargoyles
  A rime drake (D:9)
  4 kobold demonologists
  2 komodo dragons
  2 trolls (D:12)
  A hornet (D:10)
  A polar bear (D:9)
  Prince Ribbit (D:5)
  18 yaks (D:9)
  3 wyverns
  2 wraiths
  Grum (D:11)
  8 vampire mosquitoes
  2 steam dragons (D:9)
  An acid dragon (D:11)
  4 water moccasins
  An orc warrior (D:12)
  3 sky beasts
  A black bear (D:5)
  5 ice beasts (D:9)
  An ogre (D:7)
  5 centaurs
  3 wolves
  A phantom (D:5)
  Blork the orc (D:6)
  A kobold brigand (D:10)
  A gnoll sergeant (D:8)
  A bullfrog (D:7)
  A scorpion (D:3)
  7 wights
  4 killer bees (D:11)
  2 electric eels (D:11)
  5 howler monkeys
  Crazy Yiuf (D:6)
  6 orc priests
  3 bombardier beetles
  4 iguanas
  17 orc wizards
  2 human simulacra (D:12)
  7 gnolls
  3 adders
  A white imp (D:6)
  4 ufetubi
  2 ribbon worms
  27 orcs
  6 ball pythons
  2 bats
  6 endoplasms
  3 giant cockroaches
  10 goblins
  4 hobgoblins
  3 jackals (D:3)
  4 quokkas
  3 frilled lizards
  10 kobolds
  5 rats
242 creatures vanquished.

Vanquished Creatures (others)
  An ice beast (D:9)
  A gnoll (D:9)
2 creatures vanquished.

Grand Total: 244 creatures vanquished

Notes
Turn   | Place    | Note
-------+----------+-------------------------------------------
     0 | D:1      | mopl the Djinni Shapeshifter began the quest for the Orb.
     0 | D:1      | Reached XP level 1. HP: 17/17 MP: 0/0
   317 | D:1      | Reached XP level 2. HP: 22/22 MP: 0/0
   645 | D:2      | Reached skill level 3 in Shapeshifting
   846 | D:2      | Reached XP level 3. HP: 25/27 MP: 0/0
   846 | D:2      | Learned a level 1 spell: Necrotise
  1279 | D:3      | Found a sacrificial altar of Ru.
  1448 | D:3      | Found a shimmering altar of Xom.
  1497 | D:3      | Reached XP level 4. HP: 21/33 MP: 0/0
  1800 | D:3      | Reached skill level 2 in Fighting
  1895 | D:3      | Reached skill level 4 in Unarmed Combat
  2061 | D:4      | Noticed a scorpion
  2160 | D:3      | Reached XP level 5. HP: 30/38 MP: 0/0
  2160 | D:3      | Learned a level 2 spell: Mercury Vapours
  2225 | D:4      | Identified the ring "Atzosm" {Dex+4 SInv}
  2404 | D:4      | Reached XP level 6. HP: 45/45 MP: 0/0
  2585 | D:4      | Found a glowing silver altar of Zin.
  2809 | D:4      | Reached skill level 4 in Shapeshifting
  2875 | D:4      | Found a stormy altar of Qazlal.
  2875 | D:4      | Noticed a sky beast
  2900 | D:4      | Killed a sky beast
  2901 | D:4      | Reached skill level 5 in Unarmed Combat
  3351 | D:5      | Entered Level 5 of the Dungeon
  3383 | D:5      | Reached skill level 3 in Fighting
  3383 | D:5      | Reached XP level 7. HP: 35/50 MP: 0/0
  3383 | D:5      | Learned a level 2 spell: Searing Ray
  4156 | D:5      | Found a blossoming altar of Fedhas.
  4161 | D:5      | Reached skill level 5 in Shapeshifting
  4202 | D:5      | Noticed a kobold demonologist
  4240 | D:5      | Noticed an ice devil
  4246 | D:5      | Noticed a rust devil
  4250 | D:5      | Noticed a red devil
  4252 | D:5      | Killed a kobold demonologist
  4253 | D:5      | Reached skill level 6 in Unarmed Combat
  4253 | D:5      | Reached XP level 8. HP: 18/58 MP: 0/0
  4513 | D:5      | Reached skill level 4 in Fighting
  4633 | D:5      | Found a bloodstained altar of Trog.
  4983 | D:6      | Noticed Prince Ribbit
  4990 | D:5      | Killed Prince Ribbit
  5371 | D:6      | Noticed Blork the orc
  5380 | D:6      | Killed Blork the orc
  5381 | D:6      | Reached skill level 7 in Unarmed Combat
  5546 | D:6      | Reached skill level 6 in Shapeshifting
  5700 | D:6      | Noticed Jeremiah
  5740 | D:6      | Jeremiah changed into Jeremiah the komodo dragon
  5740 | D:6      | Noticed Jeremiah
  5749 | D:6      | Killed Jeremiah the komodo dragon
  5750 | D:6      | Reached XP level 9. HP: 52/64 MP: 0/0
  5750 | D:6      | Learned a level 4 spell: Dispel Undead
  5914 | D:6      | Found a runed translucent door.
  5915 | D:6      | Noticed Crazy Yiuf
  5921 | D:6      | Killed Crazy Yiuf
  6077 | D:7      | Reached skill level 5 in Fighting
  6137 | D:7      | Reached skill level 8 in Unarmed Combat
  6336 | D:7      | Found a hazy altar of Hepliaklqana.
  6397 | D:7      | Reached skill level 7 in Shapeshifting
  6445 | D:7      | Found a staircase to the Ecumenical Temple.
  6469 | Temple   | Entered the Ecumenical Temple
  6484 | Temple   | Became a worshipper of Uskayaw the Reveller
  6576 | D:7      | Noticed Joseph
  6588 | D:7      | Reached * piety under Uskayaw
  6589 | D:7      | HP: 3/65 [Joseph/+0 quarterstaff (11)]
  6590 | D:7      | Reached ** piety under Uskayaw
  6591 | D:7      | HP: 1/65 [Joseph/+0 quarterstaff (2)]
  6592 | D:7      | Killed Joseph
  6593 | D:7      | Reached skill level 1 in Invocations
  6593 | D:7      | Reached XP level 10. HP: 2/72 MP: 0/0
  7090 | D:8      | Reached *** piety under Uskayaw
  7092 | D:8      | Reached **** piety under Uskayaw
  7249 | D:8      | Reached skill level 9 in Unarmed Combat
  7285 | D:8      | Reached skill level 6 in Fighting
  7288 | D:8      | Reached skill level 2 in Invocations
  7291 | D:8      | Reached ***** piety under Uskayaw
  7380 | D:8      | Found a white marble altar of Elyvilon.
  7382 | D:8      | Found a broken altar of Ashenzari.
  7383 | D:8      | Found a sparkling altar of Nemelex Xobeh.
  7820 | D:9      | Noticed Maggie
  7937 | D:9      | Paralysed by Maggie for 2 turns
  7944 | D:9      | Killed Maggie
  7945 | D:9      | Reached skill level 8 in Shapeshifting
  8043 | D:9      | Found Xofek's Antique Armour Shoppe.
  8059 | D:9      | Bought a pair of polished gloves for 228 gold pieces
  8059 | D:9      | Identified the +1 pair of gloves of Bedevilment {rPois
                  | Regen+} (You bought it in a shop on level 9 of the Dungeon)
  8096 | D:9      | Reached skill level 3 in Invocations
  8096 | D:9      | Reached skill level 1 in Evocations
  8111 | D:9      | Noticed Pikel
  8135 | D:9      | Killed Pikel
  8136 | D:9      | Reached skill level 10 in Unarmed Combat
  8136 | D:9      | Reached XP level 11. HP: 62/78 MP: 0/0
  8136 | D:9      | Learned a level 4 spell: Flame Wave
  8139 | D:9      | Reached skill level 2 in Evocations
  8157 | D:9      | Reached ****** piety under Uskayaw
  8210 | D:9      | Reached skill level 7 in Fighting
  8213 | D:9      | Reached skill level 4 in Invocations
  8235 | D:9      | Reached skill level 9 in Shapeshifting
  8253 | D:9      | Reached skill level 3 in Evocations
  8391 | D:9      | Noticed a two-headed ogre
  8406 | D:9      | Killed a two-headed ogre
  8468 | D:9      | Found a staircase to the Lair.
  8517 | D:9      | Noticed Erolcha
  8525 | D:9      | Killed Erolcha
  8526 | D:9      | Reached skill level 11 in Unarmed Combat
  8786 | D:10     | Entered Level 10 of the Dungeon
  8868 | D:10     | Found an opulent altar of Gozag.
  8869 | D:10     | Found a shadowy altar of Dithmenos.
  9221 | D:10     | Reached skill level 5 in Invocations
  9221 | D:10     | Reached XP level 12. HP: 73/85 MP: 0/0
  9332 | D:10     | Found an iron altar of Okawaru.
  9353 | D:10     | Reached skill level 4 in Evocations
  9414 | D:10     | Found a basalt altar of Yredelemnul.
  9527 | D:11     | Noticed a two-headed ogre
  9536 | D:11     | Killed a two-headed ogre
  9655 | D:11     | Reached skill level 8 in Fighting
  9753 | D:11     | Noticed Grum
  9762 | D:11     | Killed Grum
  9910 | D:11     | Reached skill level 10 in Shapeshifting
 10379 | D:12     | Noticed Nergalle
 10388 | D:12     | Killed Nergalle
 10389 | D:12     | Reached skill level 5 in Evocations
 10488 | D:12     | Reached skill level 12 in Unarmed Combat
 10623 | D:12     | Noticed a boulder beetle
 10637 | D:12     | Killed a boulder beetle
 10638 | D:12     | Reached skill level 6 in Invocations
 10822 | D:12     | Noticed a two-headed ogre
 10832 | D:12     | Killed a two-headed ogre
 11073 | D:12     | Found a staircase to the Orcish Mines.
 11108 | D:12     | Noticed a centaur warrior
 11206 | D:12     | Noticed Frances
 11232 | D:12     | Killed from afar by Frances

Illustrated notes

Levels and vault maps discovered:
D:1:      sevenhm_arrival_forest_fort_small_5, layout_basic,
          nrook_mini_backslash, kennysheep_pointless_box
D:2:      layout_basic
D:3:      layout_loops_cross, lemuel_crystal_altar, lemuel_tele_altar
D:4:      layout_layer_cave, nicolae_overflow_hidden_temple,
          nicolae_qazlal_beasts_of_the_sky
D:5:      layout_basic, trog_book, fedhas_ov_isle_minmay,
          kennysheep_generic_room_7
D:6:      layout_loops_ring, uniq_blork_the_orc, uniq_prince_ribbit1,
          uniq_crazy_yiuf_cottage, uniq_jeremiah
D:7:      layout_loops_ring, mainiacjoe_overflow_small_starburst,
          general_overflow_altar, minmay_temple_entry_large_hall, uniq_joseph
D:8:      layout_loops_cross, chequers_temple_overflow_statue_of_worship,
          chequers_serial_rivers_room_b, serial_park_tiny_pond
D:9:      layout_basic, hellmonk_lair_entry_icy, serial_shops, shop, uniq_pikel,
          uniq_maggie, uniq_erolcha
D:10:     layout_big_octagon, grunt_dithmenos_smoke,
          mainiacjoe_overflow_concentric_impassable,
          mainiacjoe_overflow_catch_the_wave, minivault_24, kennysheep_path_1
D:11:     layout_roguey, serial_bayou_pond_b, uniq_grum
D:12:     layout_small_grid, erik_orc_1, dk_noncrumbling_4,
          chequers_serial_rivers_small_a, bh_circular_ruins, uniq_nergalle,
          uniq_frances
Temple:   corrupted_temple

Skill      XL: |  1  2  3  4  5  6  7  8  9 10 11 12 |
---------------+-------------------------------------+-----
Shapeshifting  | 3 4 5 6 7 8 9 10 | 10.4
Fighting       | 2 3 4 5 6 7 8 |  8.4
Unarmed Combat | 4 5 6 7 8 10 11 12 | 12.2
Invocations    | 1 3 5 6 |  6.1
Evocations     | 1 3 5 |  5.3
Dodging        | |  2.6

Action                     |  1- 3 |  4- 6 |  7- 9 | 10-12 || total
---------------------------+-------+-------+-------+-------++-------
  Melee: Unarmed           |    91 |   120 |   227 |   543 ||   981
         Punch             |     1 |       |       |       ||     1
  Evoke: Wand              |       |       |     8 |     3 ||    11
    Use: Scroll            |       |       |     5 |     5 ||    10
   Stab: Paralysed         |       |       |       |    36 ||    36
 Armour: Animal skin       |     8 |       |       |       ||     8
         Scale mail        |    51 |    64 |   170 |       ||   285
         Skin              |       |       |     9 |   243 ||   252
  Dodge: Dodged            |    24 |    29 |    68 |   379 ||   500
  Block: Kite shield       |    17 |    52 |   106 |       ||   175
   Form: Flux              |       |       |     1 |     1 ||     2
         Blade             |       |       |       |     1 ||     1

Table legend: (Time is in decaauts)
 A = Elapsed time spent in this place.
 B = Non-inter-level travel time spent in this place.
 C = Inter-level travel time spent in this place.
 D = Time resting spent in this place.
 E = Time spent auto-exploring this place.
 F = Levels seen in this place.
 G = Mean time per level.
                   A        B        C        D        E       F      G
               +--------+--------+--------+--------+--------+-----+--------+
         Total |  11181 |  10818 |    363 |   2068 |   6382 |  13 |  860.1 |
       Dungeon |  11130 |  10768 |    362 |   2068 |   6382 |  12 |  927.5 |
        Temple |     51 |     51 |      0 |      0 |      0 |   1 |   51.0 |
               +--------+--------+--------+--------+--------+-----+--------+

Top non-repeatable levels by time:
     D:5: 1627 daAuts
     D:4: 1408 daAuts
    D:12: 1000 daAuts
     D:3: 974 daAuts
     D:9: 907 daAuts
     D:7: 906 daAuts
     D:6: 874 daAuts
     D:8: 842 daAuts
    D:11: 739 daAuts
     D:2: 693 daAuts
    D:10: 598 daAuts
     D:1: 557 daAuts
  Temple: 51 daAuts
